[Event "Chessable Masters - Torneo preliminare"]
[White "Pap, Gyula"]
[Black "Andreikin, Dmitry"]
[WhiteFideId "725323"]
[BlackFideId "4158814"]
[WhiteElo "2563"]
[BlackElo "2628"]
[Result "0-1"]
[Round "5"]
[TimeControl "600+2"]
[Date "2023.03.13"]
[WhiteClock "0:00:03"]
[BlackClock "0:06:07"]

1. d4 d5 2. c3 Bf5 3. Qb3 Nf6 4. Bf4 Nbd7 5. Nf3 e6 6. e3 Bd6 7. Bg3 O-O 8. Nbd2 Bxg3 9. hxg3 c5 10. a4 c4 11. Qa3 a6 12. a5 b5 13. axb6 Qxb6 14. Be2 Rfb8 15. Ra2 a5 16. O-O a4 17. Nh4 Ne4 18. Nxe4 Bxe4 19. Rfa1 Bc2 20. Rc1 Qb3 21. Nf3 Qxa3 22. bxa3 Bg6 23. Bd1 Rb3 24. Nd2 Nb6 25. f3 Bd3 26. g4 h6 27. Kf2 Ra5 28. e4 dxe4 29. fxe4 f5 30. gxf5 exf5 31. Bf3 fxe4 32. Bxe4 Bxe4 33. Nxe4 Rf5+ 34. Kg1 Rfb5 35. Nc5 Nd5 36. Nxa4 Ra5 37. Nc5 Raxa3 38. Rxa3 Rxa3 39. Ne4 Ra2 40. Re1 Rc2 41. Kh2 g5 42. Kg1 Kg7 43. Kh2 Kg6 44. Kg1 h5 45. Ra1 Ne3 46. Ra6+ Kf5 47. Nd6+ Kg4 0-1


[Site "Internet"]

[Event "Chessable Masters - Torneo preliminare"]
[White "Wagner, Dennis"]
[Black "Sadhwani, Raunak"]
[WhiteFideId "24650684"]
[BlackFideId "35093487"]
[WhiteElo "2456"]
[BlackElo "2550"]
[Result "0-1"]
[Round "5"]
[TimeControl "600+2"]
[Date "2023.03.13"]
[WhiteClock "0:00:04"]
[BlackClock "0:01:02"]

1. d4 d6 2. e4 g6 3. Nc3 Bg7 4. Be3 c6 5. Bd3 e5 6. Nf3 Bg4 7. dxe5 dxe5 8. h3 Bxf3 9. Qxf3 Nd7 10. O-O-O Qe7 11. Bc4 Ngf6 12. g4 b5 13. Bb3 O-O 14. h4 a5 15. a4 Nc5 16. Bxc5 Qxc5 17. h5 bxa4 18. Nxa4 Qb4 19. hxg6 hxg6 20. Rde1 Bh6+ 21. Kb1 Bg5 22. Qg3 Rae8 23. Qd3 Rd8 24. Qg3 Rfe8 25. f4 exf4 26. Qh3 Kf8 27. e5 Ne4 28. e6 Rxe6 29. Bxe6 Qxa4 30. Ba2 Bf6 31. Qh7 Bg7 32. Rd1 Nd2+ 33. Ka1 Qxc2 34. Rb1 Nb3+ 35. Bxb3 Qxb3 36. Rh3 Qa4+ 37. Ra3 Qxa3# 0-1


[Site "Internet"]

[Event "Chessable Masters - Torneo preliminare"]
[White "Esipenko, Andrey"]
[Black "Perez Ponsa, Federico"]
[WhiteFideId "24175439"]
[BlackFideId "117927"]
[WhiteElo "2682"]
[BlackElo "2586"]
[Result "0-1"]
[Round "5"]
[TimeControl "600+2"]
[Date "2023.03.13"]
[WhiteClock "0:00:02"]
[BlackClock "0:00:14"]

1. d4 Nf6 2. c4 g6 3. Nc3 Bg7 4. e4 d6 5. Nf3 O-O 6. Be2 e5 7. O-O Nc6 8. d5 Ne7 9. b4 a5 10. bxa5 Rxa5 11. a4 Ra8 12. Ra3 Nd7 13. Ne1 f5 14. Nd3 Nf6 15. f3 f4 16. Rb3 g5 17. c5 Ng6 18. Ba3 Rf7 19. cxd6 cxd6 20. Nb2 h5 21. Nc4 Ra6 22. Nb5 Bf8 23. Rc3 Ne8 24. Kh1 Rh7 25. Bb4 Bd7 26. Nb2 g4 27. fxg4 Nf6 28. gxh5 Nh4 29. Rc4 Nxh5 30. Bxh5 Qg5 31. Bf3 Qg3 32. Kg1 Qxh2+ 33. Kf2 Nxf3 34. Qxf3 Rh3 35. Qd1 Be7 36. Rg1 f3 37. Rc2 Rg3 38. Kf1 Bh3 39. Qc1 Ra8 40. Bxd6 Bg5 41. Qd1 Rxg2 42. Rcxg2 Bxg2+ 0-1


[Site "Internet"]

[Event "Chessable Masters - Torneo preliminare"]
[White "Ju, Wenjun"]
[Black "Kravtsiv, Martyn"]
[WhiteFideId "8603006"]
[BlackFideId "14113147"]
[WhiteElo "2598"]
[BlackElo "2675"]
[Result "0-1"]
[Round "5"]
[TimeControl "600+2"]
[Date "2023.03.13"]
[WhiteClock "0:00:04"]
[BlackClock "0:00:19"]

1. d4 Nf6 2. c4 e6 3. Nf3 d5 4. g3 Be7 5. Bg2 O-O 6. O-O c6 7. Qc2 b6 8. Nbd2 Bb7 9. e4 c5 10. cxd5 exd5 11. e5 Nfd7 12. Rd1 Nc6 13. Qf5 Bc8 14. Qf4 Nb4 15. Nf1 Ba6 16. Qd2 cxd4 17. e6 fxe6 18. Nxd4 Bc5 19. Ne3 Qf6 20. Nb3 Nd3 21. Nxc5 N7xc5 22. f4 Rad8 23. Bf1 h5 24. Ng2 e5 25. b4 Ne4 26. Qc2 exf4 27. Bxf4 Nxb4 28. Qb3 Bxf1 29. Rxf1 Qd4+ 30. Be3 Qc4 31. Rxf8+ Rxf8 32. Rd1 Qxb3 33. axb3 Nc3 34. Rd2 Re8 35. Kf1 Ne4 36. Rd1 Rf8+ 37. Kg1 Nc3 38. Rd2 Re8 39. Kf1 Ne4 40. Rd1 g5 41. Rd4 a5 42. Ke2 Nc2 43. Rd3 d4 0-1


[Site "Internet"]

[Event "Chessable Masters - Torneo preliminare"]
[White "Anton Guijarro, David"]
[Black "Van Foreest, Lucas"]
[WhiteFideId "2285525"]
[BlackFideId "1039792"]
[WhiteElo "2635"]
[BlackElo "2483"]
[Result "1-0"]
[Round "5"]
[TimeControl "600+2"]
[Date "2023.03.13"]
[WhiteClock "0:01:07"]
[BlackClock "0:02:23"]

1. Nf3 d5 2. c4 e6 3. g3 Be7 4. Bg2 Nf6 5. O-O O-O 6. b3 d4 7. e3 c5 8. Ne5 Qc7 9. f4 Nfd7 10. Nd3 Nc6 11. Na3 a6 12. Bb2 Rd8 13. Nc2 e5 14. Qe1 Bf6 15. g4 Rb8 16. g5 Be7 17. Bd5 Nf8 18. fxe5 Be6 19. exd4 cxd4 20. Qe4 Qa5 21. Nf4 Bxg5 22. Nxe6 fxe6 23. Bxc6 bxc6 24. Nxd4 Qxd2 25. Nxc6 Qxb2 26. Nxb8 Rxb8 27. Kh1 Ng6 28. Qg4 h6 29. Qxe6+ Kh7 30. Rad1 Bf4 31. Qh3 Bxe5 32. Rg1 Rf8 33. Rg2 Rf2 34. Rdg1 Qe2 35. Qf5 Rxg2 36. Rxg2 Qd1+ 37. Rg1 Qd6 38. Qe4 Bxh2 39. c5 Qe5 40. Qxg6+ Kh8 41. Qxg7+ Qxg7 42. Rxg7 Kxg7 43. Kxh2 1-0


[Site "Internet"]

[Event "Chessable Masters - Torneo preliminare"]
[White "Sargissian, Gabriel"]
[Black "Lobanov, Sergei"]
[WhiteFideId "13300881"]
[BlackFideId "24183750"]
[WhiteElo "2628"]
[BlackElo "2436"]
[Result "0-1"]
[Round "5"]
[TimeControl "600+2"]
[Date "2023.03.13"]
[WhiteClock "0:04:19"]
[BlackClock "0:00:57"]

1. d4 Nf6 2. c4 e6 3. Nf3 d5 4. Nc3 Bb4 5. Qa4+ Nc6 6. e3 O-O 7. Bd2 Re8 8. a3 Bd6 9. c5 Bf8 10. Bb5 Bd7 11. O-O Ne4 12. Qc2 Nxc3 13. Bxc3 a6 14. Bd3 g6 15. b4 b5 16. a4 Bg7 17. axb5 axb5 18. Qe2 Rb8 19. Ne5 Nxe5 20. dxe5 f6 21. Qb2 Rf8 22. exf6 Bxf6 23. Bxf6 Qxf6 24. Qxf6 Rxf6 25. Ra7 Rc8 26. Ra6 c6 27. e4 Rf7 28. f3 Kf8 29. Kf2 Ke7 30. Ke3 Rc7 31. Kd4 Kf6 32. f4 Bc8 33. g4 Bxa6 0-1


[Site "Internet"]

[Event "Chessable Masters - Torneo preliminare"]
[White "Harikrishna, Pentala"]
[Black "Drozdowski, Kacper"]
[WhiteFideId "5007003"]
[BlackFideId "1136720"]
[WhiteElo "2627"]
[BlackElo "2472"]
[Result "1-0"]
[Round "5"]
[TimeControl "600+2"]
[Date "2023.03.13"]
[WhiteClock "0:00:30"]
[BlackClock "0:00:16"]

1. Nf3 d5 2. d4 Nf6 3. c4 c6 4. Qc2 e6 5. g3 dxc4 6. Qxc4 b5 7. Qb3 Bb7 8. Bg2 Nbd7 9. O-O Be7 10. Nc3 a6 11. Ne5 Nxe5 12. dxe5 Nd7 13. Bf4 Qb6 14. a4 O-O 15. Rfd1 Nc5 16. Qc2 bxa4 17. Be3 Qb3 18. Qxb3 Nxb3 19. Rab1 Rfd8 20. Bb6 Rxd1+ 21. Rxd1 Bc5 22. Nxa4 Bxb6 23. Nxb6 Rb8 24. Be4 Nc5 25. Bf3 a5 26. Nc4 a4 27. Na5 g5 28. Rc1 Nd7 29. Nxb7 Rxb7 30. Bxc6 Rc7 31. Rc2 Ra7 32. f4 gxf4 33. gxf4 Nf8 34. Rc3 Ng6 35. e3 Ne7 36. Be4 h6 37. h4 Kf8 38. Kf2 Ra6 39. Kf3 Rb6 40. Rc4 Rxb2 41. Rxa4 Rb8 42. h5 Rc8 43. Ra7 Rb8 44. Rc7 Rd8 45. Bc6 Nxc6 46. Rxc6 Kg7 47. Rd6 Ra8 48. Rd7 Ra1 49. Rd2 Rh1 50. Kg4 Rg1+ 51. Kf3 Rh1 52. Kg3 Rxh5 53. Rd1 Kg6 54. e4 f6 55. Rd6 Kf7 56. f5 Rg5+ 57. Kf3 exf5 58. Rxf6+ Ke7 59. exf5 Rg1 60. Rxh6 Rf1+ 61. Kg4 Rg1+ 62. Kf4 Rf1+ 63. Kg5 Rg1+ 64. Kh5 Kf7 65. Rf6+ Ke7 66. Rg6 Rh1+ 67. Kg5 Rg1+ 68. Kh6 Re1 69. Kg7 Rxe5 70. f6+ Kd7 71. f7 1-0


[Site "Internet"]

[Event "Chessable Masters - Torneo preliminare"]
[White "Preotu, Razvan"]
[Black "Hammer, Jon Ludvig"]
[WhiteFideId "2613280"]
[BlackFideId "1503707"]
[WhiteElo "2532"]
[BlackElo "2647"]
[Result "1-0"]
[Round "5"]
[TimeControl "600+2"]
[Date "2023.03.13"]
[WhiteClock "0:00:42"]
[BlackClock "0:00:44"]

1. e4 e5 2. Nf3 Nc6 3. Bc4 Nf6 4. d3 h6 5. c3 g6 6. d4 exd4 7. e5 Nh7 8. cxd4 Bg7 9. O-O O-O 10. Nc3 d6 11. exd6 Qxd6 12. Nb5 Qd8 13. Bf4 Bg4 14. d5 Ne5 15. Be2 Bxf3 16. Bxf3 a6 17. Nc3 Nc4 18. Qb3 Nd6 19. Ne4 Ng5 20. Nxd6 cxd6 21. Qxb7 Nxf3+ 22. gxf3 Be5 23. Bxe5 dxe5 24. Rad1 Rb8 25. Qxa6 Rxb2 26. d6 Qf6 27. Qa3 Rb5 28. d7 Rd8 29. Rd6 Qh4 30. Qe3 e4 31. Qxe4 Qh3 32. Rxg6+ fxg6 33. Qe8+ 1-0


[Site "Internet"]

[Event "Chessable Masters - Torneo preliminare"]
[White "Kosteniuk, Alexandra"]
[Black "Frolyanov, Dmitry"]
[WhiteFideId "4128125"]
[BlackFideId "4151976"]
[WhiteElo "2524"]
[BlackElo "2451"]
[Result "1-0"]
[Round "5"]
[TimeControl "600+2"]
[Date "2023.03.13"]
[WhiteClock "0:00:18"]
[BlackClock "0:01:50"]

1. e4 e5 2. Nf3 Nf6 3. Nxe5 d6 4. Nf3 Nxe4 5. d3 Nf6 6. d4 Be7 7. Bd3 O-O 8. O-O c6 9. Re1 Re8 10. Nbd2 Nbd7 11. Nc4 Nf8 12. a4 Nd5 13. c3 Be6 14. Qc2 Qd7 15. h4 h6 16. Bd2 Rad8 17. g3 Bg4 18. Kg2 Bh3+ 19. Kh2 Bg4 20. Kg2 Bh3+ 21. Kg1 Bg4 22. Nh2 Be6 23. f4 Nf6 24. Ne3 Nd5 25. Nf5 Bf6 26. Ng4 h5 27. Nxf6+ Nxf6 28. Re2 Bd5 29. Rae1 Rxe2 30. Rxe2 Re8 31. Rxe8 Nxe8 32. c4 Be6 33. Ne3 Bg4 34. d5 cxd5 35. cxd5 Nc7 36. Kf2 Qe7 37. Qc4 Bc8 38. Bc3 b6 39. Qd4 Ne8 40. Bf5 Qc7 41. Qe4 Qd8 42. Bxc8 Qxc8 43. Nf5 Qd7 44. Ne7+ Kh8 45. Nc6 Nh7 46. Qe7 Qxe7 47. Nxe7 Nc7 48. Ke3 Nf8 49. Kd4 g6 50. Nc8 b5 51. a5 a6 52. Nxd6 Kg8 53. Kc5 1-0


[Site "Internet"]

[Event "Chessable Masters - Torneo preliminare"]
[White "Sjugirov, Sanan"]
[Black "Steinberg, Nitzan"]
[WhiteFideId "4189302"]
[BlackFideId "2801795"]
[WhiteElo "2543"]
[BlackElo "2500"]
[Result "1-0"]
[Round "5"]
[TimeControl "600+2"]
[Date "2023.03.13"]
[WhiteClock "0:00:15"]
[BlackClock "0:00:23"]

1. e4 c5 2. Nf3 e6 3. Nc3 a6 4. g3 Nc6 5. Bg2 Qc7 6. O-O Nf6 7. d4 cxd4 8. Nxd4 Bc5 9. Nxc6 dxc6 10. Bg5 e5 11. Bxf6 gxf6 12. Qf3 Ke7 13. Qh5 Be6 14. Bh3 Rag8 15. Bxe6 fxe6 16. Rad1 Rg5 17. Qh6 Rg6 18. Qd2 h5 19. Na4 Ba7 20. Qb4+ c5 21. Qd2 b5 22. Nc3 c4 23. a4 h4 24. Kg2 b4 25. Ne2 a5 26. Ng1 Qc6 27. Nf3 Rgg8 28. Qe2 h3+ 29. Kg1 Rd8 30. Nh4 Rdg8 31. Nf3 Bb6 32. b3 c3 33. Rd3 Rd8 34. Rfd1 Rxd3 35. Rxd3 Rd8 36. Rxd8 Kxd8 37. Kf1 Bd4 38. Ng1 f5 39. Nxh3 fxe4 40. Ng5 e3 41. f3 Qe8 42. Kg2 Ke7 43. h4 Kf6 44. Ne4+ Kg7 45. Qa6 Qd7 46. Kf1 Ba7 47. Ke2 Bd4 48. Qxa5 Qf7 49. Qa6 Kh6 50. Qa8 Qf5 51. Qh8+ Kg6 52. Qg8+ Kh6 53. Qg5+ Qxg5 54. Nxg5 Kg6 55. Nxe6 1-0


[Site "Internet"]

[Event "Chessable Masters - Torneo preliminare"]
[White "Raja, Harshit"]
[Black "Sychev, Klementy"]
[WhiteFideId "5089000"]
[BlackFideId "4114060"]
[WhiteElo "2361"]
[BlackElo "2484"]
[Result "0-1"]
[Round "5"]
[TimeControl "600+2"]
[Date "2023.03.13"]
[WhiteClock "0:06:35"]
[BlackClock "0:05:15"]

1. e4 e5 2. Nf3 Nc6 3. Bb5 a6 4. Ba4 Nge7 5. O-O Ng6 6. d4 exd4 7. Nxd4 Nxd4 8. Qxd4 b5 9. Bb3 Bb7 10. c4 c5 11. Qd1 b4 12. a3 Be7 13. axb4 cxb4 14. Be3 Bxe4 15. Qd4 Bb7 16. Qxg7 Qc7 17. Nd2 O-O-O 18. Qd4 Nh4 19. f3 Nf5 0-1


[Site "Internet"]

[Event "Chessable Masters - Torneo preliminare"]
[White "Agrest, Evgenij"]
[Black "Shimanov, Aleksandr"]
[WhiteFideId "1705024"]
[BlackFideId "4198603"]
[WhiteElo "2576"]
[BlackElo "2610"]
[Result "0-1"]
[Round "5"]
[TimeControl "600+2"]
[Date "2023.03.13"]
[WhiteClock "0:00:02"]
[BlackClock "0:00:04"]

1. Nf3 d5 2. e3 Nf6 3. c4 e6 4. b3 Bd6 5. Bb2 b6 6. cxd5 exd5 7. Nc3 a6 8. Rc1 Bb7 9. Bd3 Nbd7 10. Bb1 Qe7 11. Ne2 g6 12. O-O O-O 13. Re1 Rfe8 14. Ng3 Rac8 15. d3 c5 16. Nd2 b5 17. a4 h5 18. axb5 axb5 19. Nf3 Ng4 20. Nf1 Nf8 21. e4 dxe4 22. dxe4 Bf4 23. Rc2 Ne6 24. h3 Nf6 25. Rce2 Red8 26. N1d2 c4 27. bxc4 bxc4 28. Bc3 Nc5 29. Qc2 Nd3 30. Rf1 Nd5 31. Ba1 c3 32. Qxd3 Nb4 33. Qxc3 Rxc3 34. Bxc3 Ba6 35. Rfe1 Bxe2 36. Rxe2 Qc5 37. Bb2 Nd3 38. Bf6 Rd7 39. Nf1 Ne5 40. Nxe5 Bxe5 41. Bxe5 Qxe5 42. Ba2 Rd1 43. Bb3 Rb1 44. Bc4 Rc1 45. Bd3 Qd4 46. Ba6 Qa4 47. Bd3 Qd1 48. Re3 Kg7 49. g3 Ra1 50. Kg2 Qc1 51. Be2 Ra2 52. e5 Qc6+ 53. Kg1 Qb6 54. Re4 Rb2 55. Kg2 Qc6 56. Bf3 Qc5 57. Ne3 Qc1 58. e6 Qd2 59. Nd1 Rb8 60. e7 Re8 61. Ne3 Qd6 62. Nc4 Qf6 63. Ne3 Qd6 64. Nc4 Qc5 65. Ne3 Rxe7 66. Rxe7 Qxe7 67. Bd5 h4 68. g4 Qe5 69. Bf3 Qa1 70. Bd5 f6 71. Bf3 Kf8 72. Be4 Kf7 73. Bf3 Ke6 74. Be4 Kf7 75. Bf3 Qe5 76. Bd5+ Kf8 77. Bf3 f5 78. gxf5 gxf5 79. Nd5 Kg7 80. Kg1 Kh6 81. Kg2 Kg5 82. Kg1 Qa1+ 83. Kg2 Qe1 84. Ne3 Kf4 85. Nd5+ Ke5 86. Ne3 Qc1 87. Nd5 f4 88. Ne7 Qc2 89. Nd5 Qd2 90. Kg1 Kd4 91. Kg2 Qc1 92. Ne7 Kd3 93. Nf5 Kd2 94. Nxh4 Qc2 95. Bg4 Qe4+ 96. Nf3+ Ke2 97. h4 Qc6 98. h5 Qb7 99. Kh3 Kxf2 0-1


[Site "Internet"]

[Event "Chessable Masters - Torneo preliminare"]
[White "Mikaelyan, Arman"]
[Black "Henriquez Villagra, Cristobal"]
[WhiteFideId "13304852"]
[BlackFideId "3409350"]
[WhiteElo "2456"]
[BlackElo "2574"]
[Result "0-1"]
[Round "5"]
[TimeControl "600+2"]
[Date "2023.03.13"]
[WhiteClock "0:00:13"]
[BlackClock "0:00:37"]

1. d4 Nf6 2. c4 e6 3. Nf3 d5 4. Nc3 c6 5. Bg5 Nbd7 6. cxd5 exd5 7. Qc2 Be7 8. e3 Nh5 9. Bxe7 Qxe7 10. O-O-O Nb6 11. Bd3 Be6 12. Kb1 O-O-O 13. Rc1 Kb8 14. Nd2 Nf6 15. Nb3 Rhe8 16. Nc5 Nfd7 17. Ne2 Nxc5 18. dxc5 Nc4 19. Ka1 Qxc5 20. b3 Qa5 21. Nd4 Ne5 22. Bxh7 g6 23. f4 Ng4 24. f5 Nxe3 25. Qxc6 bxc6 26. Nxc6+ Ka8 27. Nxa5 Nxf5 28. Rhe1 Rd6 29. g4 Nd4 30. Red1 Nf3 31. Rc7 Ng5 32. Nc6 Rd7 33. Rxd7 Bxd7 34. Rxd5 Bxc6 35. Rxg5 Rh8 36. Bxg6 fxg6 37. Rxg6 Kb7 38. Re6 Rxh2 39. g5 Rg2 40. Re5 Kb6 41. Kb1 Bb5 42. a4 Bc6 43. Ka1 Kc7 44. Re7+ Kb6 45. Re5 Rd2 46. Kb1 a6 47. Kc1 Rg2 48. Kb1 Kc7 49. Kc1 Kd6 50. Rf5 Bd7 51. Ra5 Bc8 52. Kb1 Re2 53. Kc1 Kc6 54. b4 Re4 55. Rc5+ Kb7 56. g6 Rxb4 57. Rg5 Be6 58. g7 Rc4+ 59. Kd2 Rc8 60. Ke3 Bg8 61. a5 Rd8 62. Kf4 Rd7 63. Ke4 Rd6 64. Ke5 Kc6 65. Kf4 Kd7 66. Ke5 Ke7 67. Kf4 Kf6 68. Rg1 Rd5 69. Ra1 Kxg7 70. Ke4 Kf6 71. Rg1 Be6 72. Ra1 Ke7 73. Ke3 Kd6 74. Ke4 Bf5+ 75. Ke3 Kc5 76. Kf4 Kb5 77. Ke3 Bc2 78. Ra2 Ba4 79. Ke4 Rd7 80. Rb2+ Kxa5 81. Ke5 Bb5 82. Ke6 Kb6 0-1


[Site "Internet"]

[Event "Chessable Masters - Torneo preliminare"]
[White "Vaibhav, Suri"]
[Black "Cardoso Cardoso, Jose Gabriel"]
[WhiteFideId "5045185"]
[BlackFideId "4430492"]
[WhiteElo "2543"]
[BlackElo "2425"]
[Result "0-1"]
[Round "5"]
[TimeControl "600+2"]
[Date "2023.03.13"]
[WhiteClock "0:03:16"]
[BlackClock "0:00:08"]

1. e4 c5 2. Nf3 d6 3. Nc3 Nf6 4. d4 cxd4 5. Qxd4 a6 6. Be2 Nc6 7. Qd3 g6 8. Nd5 Bg7 9. c3 O-O 10. Bg5 Nd7 11. Qe3 Nf6 12. Rd1 Be6 13. O-O Bxd5 14. exd5 Nb8 15. Rfe1 Nbd7 16. c4 Qb6 17. Qxb6 Nxb6 18. Bd3 Rfe8 19. b3 Nbd7 20. Re2 h6 21. Bd2 Nc5 22. Bc2 a5 23. Nd4 Nxd5 24. Nb5 Nb4 25. Bxb4 axb4 26. Nc7 Kf8 27. g3 Rxa2 28. Nxe8 Kxe8 29. h4 Kd8 30. Kf1 Rb2 31. Ra1 Bd4 32. Ra8+ Kd7 33. Rf8 Nxb3 34. Rxf7 Bf6 35. Bxg6 Nd2+ 36. Kg2 Nxc4 37. Bf5+ Kc7 38. Rxb2 Nxb2 39. f4 Nc4 40. Kh3 d5 41. Bd3 b3 42. g4 Nd6 43. Rh7 Ne4 44. Kg2 b2 45. Rxh6 Nc5 46. Bb1 d4 47. g5 d3 48. Kf3 d2 49. Ke2 Bc3 50. Kd1 Na4 51. Re6 Bb4 52. Bc2 b5 53. h5 b1=Q+ 54. Bxb1 Nb2+ 55. Kc2 d1=Q+ 56. Kxb2 Qd2+ 57. Bc2 Qd4+ 58. Kb1 Ba3 0-1


[Site "Internet"]

[Event "Chessable Masters - Torneo preliminare"]
[White "Bachmann, Axel"]
[Black "Malakhov, Vladimir"]
[WhiteFideId "3700488"]
[BlackFideId "4120787"]
[WhiteElo "2618"]
[BlackElo "2666"]
[Result "1-0"]
[Round "5"]
[TimeControl "600+2"]
[Date "2023.03.13"]
[WhiteClock "0:00:08"]
[BlackClock "0:00:04"]

1. Nf3 d5 2. e3 Nf6 3. c4 e6 4. b3 c5 5. Bb2 Nc6 6. cxd5 exd5 7. Be2 d4 8. Bb5 dxe3 9. Bxc6+ bxc6 10. Qe2 Be7 11. dxe3 Qa5+ 12. Bc3 Qb5 13. Na3 Qxe2+ 14. Kxe2 Ba6+ 15. Nc4 O-O 16. Rac1 Nd5 17. Ba5 f6 18. Rhd1 Rab8 19. e4 Nb6 20. Ke3 Nxc4+ 21. bxc4 Rb7 22. Rd3 Re8 23. Rb3 Rd7 24. Rd3 Rxd3+ 25. Kxd3 Bd6 26. g3 Bc8 27. Re1 g5 28. Bc3 g4 29. Nh4 Be5 30. Bxe5 fxe5 31. Rb1 Rd8+ 32. Kc3 Be6 33. Ng2 Rd7 34. Ne3 Kg7 35. Rd1 Rd4 36. Rd2 h5 37. Rb2 Rd7 38. Rd2 Rd4 39. Rb2 Rd7 40. Rb8 Rf7 41. Re8 Rf6 42. Re7+ Kf8 43. Rh7 Rxf2 44. Rxh5 Rxa2 45. Rxe5 Ra3+ 46. Kd2 Ra2+ 47. Kc3 Ra3+ 48. Kd2 Ra2+ 49. Kc1 Kf7 50. Rxc5 Rxh2 51. Rxc6 Re2 52. Rc7+ Kf8 53. Nc2 Rxe4 54. c5 Ke8 55. Kd2 Kd8 56. Rxa7 Rc4 57. Ra5 Kc7 58. Ne3 Rb4 59. Kc3 Rb3+ 60. Kd4 Bc8 61. Ra7+ Bb7 62. Ra1 Rb4+ 63. Kc3 Re4 64. Kd3 Rb4 65. Rf1 Ba6+ 66. Kc3 1-0


[Site "Internet"]

[Event "Chessable Masters - Torneo preliminare"]
[White "Grischuk, Alexander"]
[Black "Sharapov, Evgeny"]
[WhiteFideId "4126025"]
[BlackFideId "14103133"]
[WhiteElo "2731"]
[BlackElo "2337"]
[Result "1/2-1/2"]
[Round "5"]
[TimeControl "600+2"]
[Date "2023.03.13"]
[WhiteClock "0:00:09"]
[BlackClock "0:03:23"]

1. e4 c6 2. d4 d5 3. e5 c5 4. Nf3 cxd4 5. Qxd4 Nc6 6. Qf4 e6 7. Bd3 Nb4 8. Nc3 Nxd3+ 9. cxd3 h6 10. h4 Ne7 11. h5 Nc6 12. O-O Be7 13. Qg3 Kf8 14. Nb5 Kg8 15. Bf4 Kh7 16. Nd6 Bxd6 17. exd6 Bd7 18. d4 Qe8 19. Ne5 Nxe5 20. dxe5 Rg8 21. Rfc1 Bc6 22. b4 a6 23. a4 f6 24. Qd3+ Kh8 25. b5 axb5 26. axb5 Rxa1 27. Rxa1 Bxb5 28. Qd4 fxe5 29. Qxe5 Kh7 30. Be3 Qf7 31. Bd4 Qf5 32. Qxf5+ exf5 33. Rc1 Bc6 34. f3 Rd8 35. Bc5 Kg8 36. Kf2 Kf7 37. Kg3 g6 38. hxg6+ Kxg6 39. Kf4 h5 40. Re1 Re8 41. Rxe8 Bxe8 42. Ke5 Bc6 43. Ke6 Kg5 44. Be3+ Kh4 45. Bf2+ Kg5 46. d7 Bxd7+ 47. Kxd7 Kf4 48. Ke6 d4 49. Bxd4 Kg3 50. Kxf5 Kxg2 51. Ke4 h4 52. Be5 h3 53. Kd4 Kxf3 54. Kc5 Kg2 55. Kb6 h2 56. Bxh2 Kxh2 57. Kxb7 1/2-1/2


[Site "Internet"]

[Event "Chessable Masters - Torneo preliminare"]
[White "Santos Ruiz, Miguel"]
[Black "Svane, Rasmus"]
[WhiteFideId "22291482"]
[BlackFideId "4657101"]
[WhiteElo "2491"]
[BlackElo "2621"]
[Result "0-1"]
[Round "5"]
[TimeControl "600+2"]
[Date "2023.03.13"]
[WhiteClock "0:08:59"]
[BlackClock "0:07:30"]

1. e4 e5 2. Nf3 Nc6 3. Bc4 Bc5 4. O-O Nf6 5. d3 d6 6. c3 a5 7. Re1 Ba7 8. h3 O-O 9. a4 h6 10. Nbd2 Be6 11. Bxe6 fxe6 12. Nf1 Qd7 13. Be3 Bxe3 14. Rxe3 Rae8 15. Qb3 b6 16. Qb4 axb4 0-1


[Site "Internet"]

[Event "Chessable Masters - Torneo preliminare"]
[White "Sourath, Biswas"]
[Black "Ponkratov, Pavel"]
[WhiteFideId "35091484"]
[BlackFideId "4157800"]
[WhiteElo "2138"]
[BlackElo "2586"]
[Result "1-0"]
[Round "5"]
[TimeControl "600+2"]
[Date "2023.03.13"]
[WhiteClock "0:02:01"]
[BlackClock "0:00:55"]

1. d4 Nf6 2. Bf4 c5 3. e3 e6 4. Nf3 Nc6 5. Nbd2 d5 6. c3 Nh5 7. Bg5 Qb6 8. Rb1 h6 9. Bh4 g5 10. dxc5 Qxc5 11. Nd4 gxh4 12. Qxh5 Be7 13. Bd3 Rg8 14. g3 hxg3 15. hxg3 Bf8 16. N2f3 Bg7 17. Nxc6 bxc6 18. Ne5 Rf8 19. Rh4 Rb8 20. Rg4 Bh8 21. Nxf7 Bxc3+ 22. bxc3 Qxc3+ 23. Ke2 Rxb1 24. Ne5+ Kd8 25. Qh4+ Kc7 26. Qe7+ Kb8 27. Qd6+ Kb7 28. Rg7+ Kb6 29. Qc7+ 1-0


[Site "Internet"]

[Event "Chessable Masters - Torneo preliminare"]
[White "Bok, Benjamin"]
[Black "Neiksans, Arturs"]
[WhiteFideId "1017063"]
[BlackFideId "11601388"]
[WhiteElo "2608"]
[BlackElo "2553"]
[Result "1-0"]
[Round "5"]
[TimeControl "600+2"]
[Date "2023.03.13"]
[WhiteClock "0:01:07"]
[BlackClock "0:02:43"]

1. d4 Nf6 2. c4 e6 3. Nc3 Bb4 4. Qc2 d6 5. e3 Nbd7 6. Bd3 c5 7. Ne2 O-O 8. O-O Qe7 9. a3 Ba5 10. Ng3 Bxc3 11. Qxc3 b6 12. b4 Ba6 13. dxc5 dxc5 14. b5 Bb7 15. Bb2 Rfd8 16. Rfd1 Nf8 17. f3 Rd7 18. Bc2 a6 19. Rxd7 N8xd7 20. Rd1 Nf8 21. Ne4 Ne8 22. Nd6 f5 23. Nxe8 Rxe8 24. Qe5 axb5 25. cxb5 Nd7 26. Qxg7+ Qxg7 27. Bxg7 Re7 28. Bc3 Bd5 29. a4 Nf8 30. e4 fxe4 31. fxe4 Bc4 32. Kf2 e5 33. Ke3 h5 34. Rd6 Nd7 35. Bd1 Bf7 36. a5 bxa5 37. b6 Kg7 38. b7 Nb8 39. Rd8 1-0


[Site "Internet"]

[Event "Chessable Masters - Torneo preliminare"]
[White "Xu, Yinglun"]
[Black "Durarbayli, Vasif"]
[WhiteFideId "8604940"]
[BlackFideId "13402935"]
[WhiteElo "2523"]
[BlackElo "2531"]
[Result "0-1"]
[Round "5"]
[TimeControl "600+2"]
[Date "2023.03.13"]
[WhiteClock "0:00:06"]
[BlackClock "0:00:47"]

1. d4 Nf6 2. c4 e6 3. Nf3 b6 4. g3 Bb7 5. Bg2 Be7 6. O-O O-O 7. Nc3 Ne4 8. Qc2 Nxc3 9. Qxc3 a5 10. Qc2 f5 11. d5 Bf6 12. Rd1 Qe7 13. Bf4 d6 14. dxe6 Be4 15. Qd2 Qxe6 16. Nd4 Bxd4 17. Qxd4 Bxg2 18. Kxg2 Nd7 19. b3 Rae8 20. Re1 Nf6 21. Rad1 Qf7 22. Bc1 Re4 23. Qd3 Rfe8 24. Bb2 Nd7 25. e3 a4 26. Qc3 axb3 27. axb3 h5 28. Rd5 R8e7 29. h4 Qg6 30. Rd4 Kh7 31. f3 Rxd4 32. Qxd4 f4 33. Kf1 Qxg3 34. Qxf4 Qxf4 35. exf4 Rxe1+ 36. Kxe1 Nc5 37. Ke2 Nxb3 38. f5 g6 39. f6 Kg8 40. f4 Kf7 41. f5 gxf5 42. Ke3 Na5 43. Kf4 Nxc4 0-1


[Site "Internet"]

[Event "Chessable Masters - Torneo preliminare"]
[White "Chirila, Ioan-Cristian"]
[Black "Bindrich, Falko"]
[WhiteFideId "1211668"]
[BlackFideId "4676670"]
[WhiteElo "2508"]
[BlackElo "2548"]
[Result "1-0"]
[Round "5"]
[TimeControl "600+2"]
[Date "2023.03.13"]
[WhiteClock "0:03:21"]
[BlackClock "0:05:43"]

1. d4 Nf6 2. c4 e6 3. Nf3 d5 4. Nc3 Be7 5. Bg5 O-O 6. e3 Nbd7 7. Qc2 h6 8. Bh4 c5 9. Rd1 cxd4 10. Rxd4 Nb6 11. g4 Ne8 12. Bg3 Bf6 13. Rd2 Qe7 14. h4 Nxc4 15. Bxc4 dxc4 16. Ne4 g6 17. g5 Bg7 18. h5 c3 19. bxc3 f5 20. gxf6 Bxf6 21. hxg6 Bg7 22. Ne5 Nf6 23. Nf7 e5 24. Nxf6+ Qxf6 25. Bxe5 Qf3 26. Nxh6+ 1-0


[Site "Internet"]

[Event "Chessable Masters - Torneo preliminare"]
[White "Ibarra Jerez, Jose Carlos"]
[Black "Flores, Diego"]
[WhiteFideId "2226332"]
[BlackFideId "108049"]
[WhiteElo "2546"]
[BlackElo "2598"]
[Result "1-0"]
[Round "5"]
[TimeControl "600+2"]
[Date "2023.03.13"]
[WhiteClock "0:01:15"]
[BlackClock "0:00:24"]

1. e4 c5 2. Nc3 a6 3. g4 b5 4. Bg2 Bb7 5. d3 e6 6. Nh3 d5 7. exd5 Nf6 8. Nf4 b4 9. g5 Nxd5 10. Ncxd5 exd5 11. O-O Be7 12. h4 O-O 13. Re1 Bd6 14. Qg4 Bxf4 15. Bxf4 Nc6 16. c3 Ra7 17. Qg3 Ne7 18. Bc7 Qd7 19. Qd6 Qxd6 20. Bxd6 Nf5 21. Bxc5 Raa8 22. Bxf8 Kxf8 23. Re5 Nxh4 24. Bxd5 Rb8 25. Bxb7 Rxb7 26. Ra5 bxc3 27. bxc3 Rb2 28. Rxa6 Nf3+ 29. Kg2 Nxg5 30. a4 Ne6 31. d4 g5 32. a5 Nf4+ 33. Kf3 Kg7 34. Rb6 Rc2 35. Rb3 f5 36. a6 Nd5 1-0


[Site "Internet"]